 Dungeon Crawl Stone Soup version 0.23.2-33-g5129a83184 (webtiles) character file.

Game seed: 13095836776622212826

81 ANON1729 the Skirmisher (level 4, 0/37 HPs)
             Began as a Demonspawn Monk on Aug 11, 2019.
             Succumbed to an orc's poison
             ... on level 4 of the Dungeon.
             The game lasted 00:04:01 (3582 turns).

ANON1729 the Skirmisher (Demonspawn Monk)           Turns: 3582, Time: 00:04:02

Health: 0/37       AC:  8    Str: 11    XL:     4   Next: 20%
Magic:  4/4        EV: 13    Int: 13    God:
Gold:   151        SH:  0    Dex: 15    Spells: 3/3 levels left

rFire    + . .     SeeInvis +   a - +0 spear
rCold    + + .     Gourm    .   (no shield)
rNeg     . . .     Faith    .   t - +0 leather armour (curse)
rPois    +         Spirit   .   (helmet restricted)
rElec    +         Reflect  .   m - +0 cloak
rCorr    +         Harm     .   x - +0 pair of gloves
MR       .....                  (no boots)
Stlth    ++........             (no amulet)
HPRegen  0.12/turn              q - ring of see invisible
MPRegen  0.09/turn              (no ring)

@: lethally poisoned (0 -> -28), resistant, hasted, very quick
A: horns 1, molten scales 1, cold resistance 1, shaggy fur 1
a: no special abilities


You were on level 4 of the Dungeon.
You were not hungry.

You visited 1 branch of the dungeon, and saw 4 of its levels.

You collected 151 gold pieces.

Inventory:

Hand Weapons
 a - a +0 spear (weapon)
Armour
 b - a +0 robe
 m - a +0 cloak (worn)
 t - a cursed +0 leather armour (worn)
 x - a +0 pair of gloves (worn)
Jewellery
 g - an uncursed ring of ice
 q - a ring of see invisible (left hand)
Wands
 p - a wand of acid (4)
 v - a wand of flame (12)
 y - a wand of scattershot (4)
Scrolls
 d - a scroll of teleportation {unknown}
 e - 3 scrolls of remove curse {unknown}
 f - a scroll of blinking {unknown}
 h - 2 scrolls of enchant armour {unknown}
 k - 2 scrolls of fog {unknown}
 l - 6 scrolls of identify {unknown}
 n - a scroll of immolation {unknown}
 o - 4 scrolls of enchant weapon {unknown}
Potions
 i - a potion of lignification
 j - a potion of berserk rage {unknown}
 r - a potion of haste
 s - a potion of resistance
 u - a potion of flight {unknown}
Comestibles
 c - 4 rations


   Skills:
 * Level 3.9 Fighting
 - Level 3.0 Polearms
 + Level 3.2 Dodging
 + Level 2.5 Stealth


You had 3 spell levels left.
You didn't know any spells.
Your spell library was empty.

Dungeon Overview and Level Annotations

Branches:
Dungeon (4/15)
 Temple: D:4-7

Altars:
Cheibriados
Gozag
Uskayaw


Innate Abilities, Weirdness & Mutations

You are partially covered in molten scales. (AC +2)
You have a pair of small horns on your head.
Your flesh is cold resistant. (rC+)
You are covered in fur. (AC +1)


Message History

You feel protected.
* * * LOW HITPOINT WARNING * * *
You feel very sick. The orc misses you.
It was a potion of mutation.
You feel extremely strange. A pair of horns grows on your head!
You feel resistant to cold. Fur sprouts all over your body.
* * * LOW HITPOINT WARNING * * *
You feel sick. The orc closely misses you.
It was a potion of haste.
You feel yourself speed up.
* * * LOW HITPOINT WARNING * * *
You feel very sick. The orc hits you but does no damage.
You hit the orc.
The orc is almost dead.
* * * LOW HITPOINT WARNING * * *
You feel sick.
You barely miss the orc. Your headbutt misses the orc.
The orc is almost dead.
You die...

........... #
.......... ##.
.......... #...
......... #. ....#
....... ##..
##..##.... .....
#.....).#
.....##.##..o#
....#..###.@##
#....####..#
#.......#......# #.#
##...#..####..## #.#
###.###..# ..#
#.####..## ##.# %.
###........# #.#####.
.
......####.####.......
....## ##...........#


You could see an orc.

Vanquished Creatures
  2 adders
  4 worms
  3 dart slugs
  An orc (D:4)
  A ball python (D:2)
  3 giant cockroaches
  5 hobgoblins
  6 kobolds
  A quokka (D:3)
  5 bats
  5 frilled lizards
  5 goblins
  8 rats
49 creatures vanquished.

Notes
Turn   | Place    | Note
-------+----------+-------------------------------------------
     0 | D:1      | ANON1729 the Demonspawn Monk began the quest for the Orb.
     0 | D:1      | Reached XP level 1. HP: 18/18 MP: 1/1
   594 | D:1      | Gained mutation: You are partially covered in molten
                  | scales. (AC +2) [demonic ancestry]
   594 | D:1      | Reached XP level 2. HP: 24/24 MP: 2/2
  1268 | D:2      | Found an opulent altar of Gozag.
  1459 | D:2      | HP: 1/24 [worm (4)]
  1463 | D:2      | Reached XP level 3. HP: 2/29 MP: 3/3
  1945 | D:2      | HP: 1/29 [poisoned by an adder]
  2415 | D:2      | Found a hide-covered altar of Uskayaw.
  2947 | D:3      | Found a snail-covered altar of Cheibriados.
  3122 | D:3      | Reached XP level 4. HP: 32/37 MP: 4/4
  3342 | D:4      | Noticed a phantom
  3579 | D:4      | Gained mutation: You have a pair of small horns on your
                  | head. [potion of mutation]
  3579 | D:4      | Gained mutation: Your flesh is cold resistant. (rC+)
                  | [potion of mutation]
  3579 | D:4      | Gained mutation: You are covered in fur. (AC +1) [potion of
                  | mutation]
  3582 | D:4      | Succumbed to an orc's poison

Skill      XL: |  1  2 |
---------------+-------+-----
Stealth        | 2 |  2.5
Polearms       | 3 |  3.0
Dodging        | 3 |  3.2
Fighting       | |  3.9

Action                   |  1- 3 |  4- 6 || total
-------------------------+-------+-------++-------
Melee: Spear             |   230 |    48 ||   278
  Use: Potion            |     2 |     3 ||     5
 Stab: Sleeping          |     9 |     1 ||    10
       Distracted        |     1 |       ||     1
  Eat: Chunk             |     3 |     2 ||     5
       Ration            |     1 |       ||     1
Armor: Robe              |    20 |       ||    20
       Skin              |    62 |       ||    62
       Leather armour    |     7 |    13 ||    20
Dodge: Dodged            |    88 |    18 ||   106
